 Dungeon Crawl Stone Soup version 0.17.1-3-g152610e (webtiles) character file.

1465 hannobal the Cleaver (level 8, -2/66 (67) HPs)
             Began as a Naga Gladiator on Apr 30, 2016.
             Was a Priest of Okawaru.
             Slain by a slave (7 damage)
             ... led by Pikel
             ... on level 5 of the Dungeon on May 1, 2016.
             The game lasted 00:23:29 (5847 turns).

hannobal the Cleaver (Naga Gladiator)               Turns: 5847, Time: 00:23:29

HP:   -2/66 (67)    AC:  7    Str: 17    XL:     8   Next: 77%
MP:   6/8           EV: 13    Int: 10    God:    Okawaru [***...]
Gold: 264           SH:  0    Dex: 13    Spells: 0 memorised, 7 levels left

rFire  . . .     SeeInvis +     a - +0 battleaxe
rCold  . . .     Clarity  .     w - +2 robe {MR+}
rNeg   + + .     SustAt   .     (shield currently unavailable)
rPois  +         Gourm    .     (helmet restricted)
rElec  .         Spirit   .     p - +0 cloak
rCorr  .         Warding  .     (no gloves)
rMut   .         Stasis   .     (no barding)
MR     ++...                    A - amulet of faith
Stlth  +++.......               v - ring of positive energy
                                c - ring of positive energy

@: short of breath, heroism, very slow, very resistant to hostile enchantments,
fairly stealthy
A: horns 1, see invisible, deformed body, low mp 1, poison resistance, slowness
2, slow metabolism 1, spit poison 3, AC +2
a: Breathe Poison Gas, Heroism, Renounce Religion


You were on level 5 of the Dungeon.
You worshipped Okawaru.
Okawaru was most pleased with you.
You were hungry.

You visited 1 branch of the dungeon, and saw 5 of its levels.
You also visited: Sewer.

You collected 264 gold pieces.

Inventory:

Hand Weapons
 a - a +0 battleaxe (weapon)
 b - a +0 hunting sling
 d - a +0 morningstar
 l - a +0 war axe of chopping
 z - a +0 trident
 B - a +0 short sword of venom
Missiles
 f - 35 poisoned needles
 h - 37 arrows
 n - a throwing net
 s - 126 stones
 t - 13 bolts
 u - 13 exploding sling bullets
 x - 6 javelins (quivered)
Armour
 p - a +0 cloak (worn)
 w - a +2 robe of magic resistance (worn)
Jewellery
 c - a ring of positive energy (left hand)
 g - an uncursed ring of teleportation
 o - an uncursed ring of wizardry
 v - a ring of positive energy (right hand)
 A - an amulet of faith (around neck)
Scrolls
 i - 5 scrolls of identify
 k - 5 scrolls of teleportation
 y - 2 scrolls of fog
Potions
 m - 2 potions of heal wounds
 r - 4 potions of might
 D - 2 potions of invisibility
Comestibles
 e - 5 bread rations
 q - 2 beef jerkies


   Skills:
 - Level 2.0(7.0) Fighting
 + Level 10.6(15.6) Axes
 - Level 2.0(7.0) Throwing
 - Level 2.4(7.4) Dodging
 - Level 2.3 Invocations


You had 7 spell levels left.
You didn't know any spells.

Dungeon Overview and Level Annotations

Branches:
Dungeon (5/15)
 Temple: D:4-7

Altars:
Okawaru
Qazlal
Ru
Vehumet

Annotations:
D:5 Pikel


Innate Abilities, Weirdness & Mutations

You cannot wear boots.
Your serpentine skin is tough (AC +2).
You have supernaturally acute eyesight.
Armour fits poorly on your strangely shaped body.
Your system is resistant to poisons.
You cover ground very slowly.
You have a slow metabolism.
You can exhale a cloud of poison.
You have a pair of small horns on your head.
Your magical capacity is low (-10% MP).


Message History

You gain the combat prowess of a mighty hero.
You are feeling hungry.
Pikel is engulfed in poison gas.
Pikel hits you with a whip of freezing! Pikel freezes you. The slave hits you!
* * * LOW HITPOINT WARNING * * *
The slave hits you but does no damage. The slave closely misses you.
You closely miss Pikel.
Pikel is almost dead.
You slash the slave!
The slave is heavily wounded.
You slash the slave!
The slave is heavily wounded.
You closely miss the slave. You slash the slave!
The slave is almost dead.
Pikel hits you with a whip of freezing.
* * * LOW HITPOINT WARNING * * *
Pikel freezes you.
* * * LOW HITPOINT WARNING * * *
The slave hits you!
You die...

##.. .. #..
#.. .. ..#
#####. #.#
#..# ##.###.
#.. ##...#
##...###
#.##....#
#.....##
#......[#
##......#
#..pKp..#
##........
#..@p..#
##...>.....
#...p.##
#..........
#.....#
##..........
#....##
#...........
#....#
#...........
# #...##
#...........
### #...#
##...........
..## ##..##
#............
...###
###..##
#............


You could see Pikel and 4 slaves.

Vanquished Creatures
  Sigmund (D:5)
  Eustachio (D:4)
  A phantom (D:5)
  A necrophage (D:4)
  2 ogres
  An eye of draining (D:4)
  A scorpion (D:5)
  7 orc priests
  6 orc wizards
  4 worker ants
  A hound skeleton (D:5)
  A worker ant zombie (D:5)
  4 adders
  3 oozes (Sewer)
  An adder skeleton (D:4)
  9 worms
  11 giant geckos
  24 orcs
  7 goblins
  14 hobgoblins
  7 jackals
  5 kobolds
  4 ball pythons
  18 bats
  6 giant cockroaches
  A giant gecko skeleton (D:5)
  5 giant newts
  A jackal skeleton (D:5)
  9 rats
156 creatures vanquished.

Vanquished Creatures (others)
  A rat (D:3)
1 creature vanquished.

Grand Total: 157 creatures vanquished

Notes
Turn   | Place    | Note
--------------------------------------------------------------
     0 | D:1      | hannobal the Naga Gladiator began the quest for the Orb.
     0 | D:1      | Reached XP level 1. HP: 19/19 MP: 1/1
   230 | D:1      | Reached XP level 2. HP: 17/26 MP: 2/2
   832 | D:2      | Reached skill level 4 in Axes
   832 | D:2      | Reached XP level 3. HP: 32/32 MP: 3/3
  1136 | D:2      | Found an iron altar of Okawaru.
  1527 | D:2      | Gained mutation: You can exhale a cloud of poison. [potion of mutation]
  1527 | D:2      | Gained mutation: You have a pair of small horns on your head. [potion of mutation]
  1527 | D:2      | Gained mutation: Your magical capacity is low (-10% MP). [potion of mutation]
  1599 | D:2      | Reached XP level 4. HP: 34/39 MP: 3/3
  2172 | D:2      | Reached skill level 5 in Axes
  2314 | D:2      | Became a worshipper of Warmaster Okawaru
  2491 | D:3      | Reached XP level 5. HP: 40/45 MP: 4/4
  2569 | D:3      | Found a stormy altar of Qazlal.
  2770 | D:3      | Reached skill level 6 in Axes
  3050 | D:3      | Reached XP level 6. HP: 38/52 MP: 5/5
  3330 | D:3      | Reached * piety under Okawaru
  3398 | D:4      | Reached skill level 7 in Axes
  3421 | D:4      | Reached XP level 7. HP: 36/60 MP: 4/6
  3789 | D:4      | Reached skill level 8 in Axes
  4097 | D:4      | Noticed Eustachio
  4106 | D:4      | Killed Eustachio
  4106 | D:4      | Reached ** piety under Okawaru
  4107 | D:4      | Reached skill level 9 in Axes
  4107 | D:4      | Reached XP level 8. HP: 54/66 MP: 0/8
  4273 | D:4      | Found a radiant altar of Vehumet.
  4536 | D:4      | Found a sacrificial altar of Ru.
  4646 | D:5      | Entered Level 5 of the Dungeon
  4841 | D:5      | Noticed Sigmund
  4847 | D:5      | Killed Sigmund
  4847 | D:5      | Reached skill level 10 in Axes
  4947 | D:5      | Reached *** piety under Okawaru
  5020 | D:5      | Found a glowing drain.
  5047 | Sewer    | Entered a sewer
  5838 | D:5      | Noticed Pikel
  5847 | D:5      | Slain by a slave

Action                   |  1- 3 |  4- 6 |  7- 9 || total
-------------------------+-------+-------+-------++-------
Melee: War axe           |    99 |    76 |       ||   175
       Battleaxe         |       |    16 |   133 ||   149
Throw: Throwing net      |     3 |     2 |     1 ||     6
       Stone             |     2 |    12 |       ||    14
       Javelin           |       |    22 |    23 ||    45
Invok: Heroism           |       |     1 |     1 ||     2
 Abil: Spit Poison       |     3 |       |       ||     3
       Breathe Poison Ga |       |    11 |    11 ||    22
  Use: Scroll            |     4 |     6 |     6 ||    16
       Potion            |     4 |       |     1 ||     5
 Stab: Held in net/web   |     1 |       |     1 ||     2
       Sleeping          |       |     1 |     4 ||     5
  Eat: Chunk             |     1 |     7 |     9 ||    17
